[Event "Titled Tuesday Blitz August 15 Early 2023"]
[White "Bluebaum, Matthias"]
[Black "Firouzja, Alireza"]
[WhiteFideId "24651516"]
[BlackFideId "12573981"]
[WhiteElo "3017"]
[BlackElo "3104"]
[Result "0-1"]
[Round "6"]
[TimeControl "180+1"]
[Date "2023.08.15"]
[WhiteClock "0:00:34"]
[BlackClock "0:00:42"]
[Board "1"]

1. d4 Nf6 2. c4 e6 3. Nc3 Bb4 4. e3 b6 5. Bd3 Bb7 6. Nf3 O-O 7. Bd2 c5 8. a3 Bxc3 9. Bxc3 cxd4 10. Nxd4 d5 11. O-O Nbd7 12. Rc1 Nc5 13. Be2 dxc4 14. Bxc4 Nd5 15. Bd2 Rc8 16. Qg4 Nf6 17. Qe2 Nfe4 18. Be1 Nd6 19. b4 Nxc4 20. bxc5 Qd5 21. Nf3 Ne5 22. e4 Qd3 23. Qe3 Ba6 24. Bb4 Nxf3+ 25. gxf3 Qxe3 26. fxe3 Bxf1 27. Kxf1 a5 28. Bd2 Rxc5 29. Rxc5 bxc5 30. Ke1 a4 31. Kd1 Rb8 32. Kc2 Rb3 33. Bc1 e5 34. h4 f6 35. h5 Kf7 36. h6 gxh6 37. f4 h5 38. fxe5 fxe5 39. Bd2 Ke6 40. Bc3 h4 41. Bxe5 Kxe5 42. Kd2 Rxa3 43. Ke2 Kxe4 44. Kf2 Rxe3 45. Kg2 a3 46. Kh2 a2 47. Kg2 a1=Q 48. Kh2 Qb2+ 49. Kg1 Re1# 0-1


[Site "https://www.chess.com"]

[Event "Titled Tuesday Blitz August 15 Early 2023"]
[White "Bortnyk, Olexandr"]
[Black "Sadhwani, Raunak"]
[WhiteFideId "14120828"]
[BlackFideId "35093487"]
[WhiteElo "3093"]
[BlackElo "3013"]
[Result "1-0"]
[Round "6"]
[TimeControl "180+1"]
[Date "2023.08.15"]
[WhiteClock "0:00:02"]
[BlackClock "0:00:00"]
[Board "2"]

1. e4 e5 2. Nf3 Nc6 3. Bb5 Nf6 4. Qe2 Bc5 5. c3 Qe7 6. O-O O-O 7. d4 exd4 8. Bxc6 d3 9. Qxd3 dxc6 10. e5 Nd7 11. Re1 Re8 12. Bg5 Qe6 13. Nbd2 Bf8 14. b4 a5 15. a3 axb4 16. cxb4 c5 17. Rac1 b6 18. Bh4 Qg6 19. Qb3 Qe6 20. Qd3 Qg6 21. Qb3 Bb7 22. h3 Nxe5 23. Bg3 Nd3 24. Rxe8 Rxe8 25. Rc3 Ne1 26. bxc5 Bxc5 27. Rxc5 Bxf3 28. Rxc7 Bxg2 29. Qe3 f6 30. Re7 Rxe7 31. Qxe7 Bxh3 32. Qxe1 h5 33. Qe4 Bf5 34. Qd4 Qf7 35. Kh2 Kh7 36. Qxb6 Qe7 37. Qe3 1-0


[Site "https://www.chess.com"]

[Event "Titled Tuesday Blitz August 15 Early 2023"]
[White "Aronian, Levon"]
[Black "Tabatabaei, M. Amin"]
[WhiteFideId "13300474"]
[BlackFideId "12521213"]
[WhiteElo "3044"]
[BlackElo "3009"]
[Result "1-0"]
[Round "6"]
[TimeControl "180+1"]
[Date "2023.08.15"]
[WhiteClock "0:00:15"]
[BlackClock "0:00:01"]
[Board "3"]

1. e4 c5 2. Nf3 d6 3. c3 Nf6 4. Bc4 Nxe4 5. Qa4+ Nc6 6. Bxf7+ Kxf7 7. Qxe4 e5 8. d4 h6 9. dxe5 d5 10. Qf4+ Kg8 11. Na3 Be6 12. Nb5 Qd7 13. O-O Be7 14. Re1 Rf8 15. Qg3 Kh7 16. Nd6 g5 17. b4 g4 18. Nh4 c4 19. b5 Nd8 20. f4 Bxh4 21. Qxh4 Bf5 22. Be3 Rhg8 23. Rad1 Qe6 24. Bxa7 g3 25. h3 Nf7 26. Nxf5 Qxf5 27. Rxd5 Qc2 28. e6 Re8 29. Rd7 Rg7 30. Qh5 Rxe6 31. Rxe6 Qxa2 32. Qf5+ Kg8 33. Re8# 1-0


[Site "https://www.chess.com"]

[Event "Titled Tuesday Blitz August 15 Early 2023"]
[White "Makarian, Rudik"]
[Black "Shimanov, Aleksandr"]
[WhiteFideId "44105681"]
[BlackFideId "4198603"]
[WhiteElo "2975"]
[BlackElo "3026"]
[Result "1/2-1/2"]
[Round "6"]
[TimeControl "180+1"]
[Date "2023.08.15"]
[WhiteClock "0:00:02"]
[BlackClock "0:00:10"]
[Board "4"]

1. d4 d5 2. c4 c6 3. Nf3 Nf6 4. Nc3 a6 5. g3 b5 6. b3 Bf5 7. Bg2 e6 8. O-O Nbd7 9. Nh4 Bg6 10. Nxg6 hxg6 11. cxd5 cxd5 12. e4 Rc8 13. Bb2 b4 14. Na4 dxe4 15. Qe2 Qa5 16. Rac1 Rd8 17. Bxe4 Be7 18. Bf3 O-O 19. Rc6 Nb8 20. Rc4 Nd5 21. Rfc1 Bf6 22. Kg2 Qb5 23. h4 Nd7 24. Qc2 N7b6 25. Rc5 Qd7 26. Nxb6 Nxb6 27. Rc6 Nd5 28. Qc5 Nc3 29. Bxc3 bxc3 30. Qxc3 Bxd4 31. Qc4 a5 32. Rd1 Qa7 33. Rc7 Qb6 34. Rb7 Qd6 35. Rc7 Qe5 36. Rd2 Bb6 37. Rxd8 Rxd8 38. Rc8 Rxc8 39. Qxc8+ Kh7 40. Qc2 Qd4 41. h5 f5 42. hxg6+ Kxg6 43. Qe2 Kf6 44. Bc6 g5 45. Bb5 e5 46. Bc4 e4 47. Qc2 f4 48. gxf4 gxf4 49. Bf1 f3+ 50. Kg1 Qd6 51. Qxe4 Qg3+ 52. Kh1 Bxf2 53. Qc6+ Ke5 54. Qc7+ Kd4 55. Qxg3 Bxg3 56. Bb5 Bf2 57. Kh2 Ke3 58. Kh3 Kf4 59. Bc6 Bc5 60. a4 Ke3 61. Bb7 Ke2 62. Ba6+ Ke1 63. Kg3 f2 64. Kg2 1/2-1/2


[Site "https://www.chess.com"]

[Event "Titled Tuesday Blitz August 15 Early 2023"]
[White "Korobov, Anton"]
[Black "Kovalenko, Igor"]
[WhiteFideId "14105730"]
[BlackFideId "14117908"]
[WhiteElo "3023"]
[BlackElo "2942"]
[Result "1-0"]
[Round "6"]
[TimeControl "180+1"]
[Date "2023.08.15"]
[WhiteClock "0:00:12"]
[BlackClock "0:00:10"]
[Board "5"]

1. d4 Nf6 2. c4 e6 3. Nf3 b6 4. g3 Ba6 5. b3 d5 6. Bg2 Bb4+ 7. Bd2 Bd6 8. O-O O-O 9. Nc3 Nbd7 10. cxd5 exd5 11. Bf4 Bxf4 12. gxf4 c5 13. Re1 Rc8 14. Rc1 Re8 15. e3 Bb7 16. Ne5 Nf8 17. dxc5 bxc5 18. Na4 Qe7 19. Qc2 Ne6 20. f5 Ng5 21. f4 Nge4 22. Nc3 Nxc3 23. Qxc3 Rc7 24. b4 c4 25. b5 h6 26. a4 Bc8 27. Bh3 Ne4 28. Qd4 Qh4 29. Bg2 Bxf5 30. Rf1 Rd8 31. a5 Rd6 32. Rb1 Qd8 33. b6 axb6 34. Rxb6 c3 35. a6 c2 36. Rc1 Rc4 37. Nxc4 Rxb6 38. Nxb6 Qh4 39. Rxc2 Qe1+ 40. Bf1 Ng3 41. hxg3 Bxc2 42. a7 Qxg3+ 43. Bg2 Be4 44. a8=Q+ Kh7 45. Qxe4+ dxe4 46. Qxe4+ g6 47. Nd5 f5 48. Qf3 Qe1+ 49. Qf1 Qd2 50. Kh2 h5 51. Qa1 h4 52. Nf6+ Kh6 53. Qa7 g5 54. Qh7# 1-0


[Site "https://www.chess.com"]

[Event "Titled Tuesday Blitz August 15 Early 2023"]
[White "Martinez Alcantara, Jose Eduardo"]
[Black "Durarbayli, Vasif"]
[WhiteFideId "3805662"]
[BlackFideId "13402935"]
[WhiteElo "3018"]
[BlackElo "2877"]
[Result "0-1"]
[Round "6"]
[TimeControl "180+1"]
[Date "2023.08.15"]
[WhiteClock "0:00:03"]
[BlackClock "0:00:04"]
[Board "6"]

1. e4 e5 2. Nf3 Nc6 3. Nc3 Nf6 4. h3 d5 5. exd5 Nxd5 6. Bb5 Nxc3 7. bxc3 Bd6 8. O-O O-O 9. d4 exd4 10. cxd4 Ne7 11. Bd3 c6 12. Rb1 h6 13. Re1 b5 14. Ne5 Be6 15. a3 a6 16. Qf3 Bxe5 17. dxe5 c5 18. Be3 Qc7 19. a4 bxa4 20. Ra1 c4 21. Be4 Rad8 22. Qg3 Kh8 23. Rxa4 Bf5 24. Bxf5 Nxf5 25. Qf4 Nxe3 26. Rxe3 c3 27. Ra3 a5 28. Rexc3 Qb6 29. Kh2 Rc8 30. Rxc8 Rxc8 31. Qxf7 Qc5 32. Re3 Rf8 33. Qb3 Rxf2 34. e6 Qd6+ 35. Kg1 Rd2 36. Re1 Rd1 37. Qe3 Rxe1+ 38. Qxe1 Qe7 39. Qxa5 Qxe6 40. Qa8+ Kh7 41. Qf3 Qe1+ 42. Qf1 Qe3+ 43. Qf2 Qc1+ 44. Kh2 Kg8 45. g3 h5 46. h4 g5 47. hxg5 Qxg5 48. c4 Qc1 49. Qd4 Qc2+ 50. Kg1 Qe2 51. Qd5+ Kg7 52. Qg5+ Kh7 53. Qf4 Qd1+ 54. Kh2 Qe2+ 55. Kh3 Qd1 56. Kh4 Qe2 57. Qf5+ Kg8 58. Qg5+ Kf8 59. Qh6+ Kg8 60. Qg6+ Kf8 61. Qf5+ Kg8 62. c5 Kg7 63. Qg5+ Kf8 64. Qh6+ Kg8 65. Qg6+ Kf8 66. Qf5+ Kg7 67. Qg5+ Kf8 68. Qf4+ Kg7 69. Qd4+ Kg6 70. Qd6+ Kg7 71. Kg5 Qg4# 0-1


[Site "https://www.chess.com"]

[Event "Titled Tuesday Blitz August 15 Early 2023"]
[White "Chigaev, Maksim"]
[Black "Fedoseev, Vladimir"]
[WhiteFideId "4108116"]
[BlackFideId "24130737"]
[WhiteElo "2949"]
[BlackElo "3105"]
[Result "0-1"]
[Round "6"]
[TimeControl "180+1"]
[Date "2023.08.15"]
[WhiteClock "0:00:00"]
[BlackClock "0:00:05"]
[Board "7"]

1. d4 Nf6 2. Nf3 g6 3. g3 Bg7 4. Bg2 O-O 5. O-O d6 6. Re1 Nc6 7. d5 Nb4 8. e4 e5 9. a3 Na6 10. b4 c5 11. c4 cxb4 12. axb4 Nxb4 13. Ba3 Na6 14. Nc3 Re8 15. Nd2 b6 16. Nb5 Bf8 17. Qa4 h5 18. f4 Nc5 19. Bxc5 dxc5 20. Nf3 exf4 21. e5 Ng4 22. gxf4 a6 23. e6 fxe6 24. Nc7 Bd7 25. Qc2 Qxc7 26. Qxg6+ Bg7 27. d6 Qxd6 28. Rad1 Qe7 29. Ng5 Nf6 30. Re5 Red8 31. Rde1 Rac8 32. Nxe6 Bxe6 33. Rxe6 Qf7 34. Qg5 Re8 35. f5 Rxe6 36. Rxe6 Re8 37. Qe3 Rxe6 38. fxe6 Qe7 39. Qe5 Ng4 40. Qb8+ Bf8 41. h3 Nf6 42. Qxb6 Qd6 43. Qb7 Qxe6 44. Bf3 Qe1+ 45. Kg2 Qd2+ 46. Kh1 Bd6 47. Qc8+ Kg7 48. Qb7+ Kh6 0-1


[Site "https://www.chess.com"]

[Event "Titled Tuesday Blitz August 15 Early 2023"]
[White "Bernadskiy, Vitaliy"]
[Black "Naroditsky, Daniel"]
[WhiteFideId "14100371"]
[BlackFideId "2026961"]
[WhiteElo "2861"]
[BlackElo "3184"]
[Result "0-1"]
[Round "6"]
[TimeControl "180+1"]
[Date "2023.08.15"]
[WhiteClock "0:00:00"]
[BlackClock "0:00:05"]
[Board "8"]

1. b3 d5 2. Bb2 Bf5 3. e3 Nf6 4. Nf3 e6 5. Be2 Be7 6. Nh4 Bg6 7. O-O c5 8. d3 Nc6 9. Nd2 O-O 10. f4 Nd7 11. Nxg6 hxg6 12. e4 Nd4 13. Nf3 Nxe2+ 14. Qxe2 d4 15. h4 Nf6 16. Ng5 Qd7 17. g4 b5 18. Rae1 Rfe8 19. Rf2 Rac8 20. Rh2 Nh7 21. Nxh7 Kxh7 22. g5 Rh8 23. f5 exf5 24. exf5 Bd6 25. fxg6+ fxg6 26. Rg2 Rce8 27. Qd1 Qh3 28. Bc1 Bg3 29. Rxe8 Rxe8 30. Bd2 Kg8 31. Qf1 Bxh4 32. Qf4 Be1 33. Bxe1 Rxe1+ 34. Kf2 Re8 35. Rh2 Qe6 36. Kg3 Qe1+ 37. Kg4 Qg1+ 38. Qg3 Qd1+ 39. Qf3 Qg1+ 40. Qg3 Qxg3+ 41. Kxg3 Re5 42. Kg4 Kf7 43. Rf2+ Ke7 44. Rh2 a5 45. Rh7 Kf7 46. Rh2 a4 47. Rf2+ Ke7 48. Rh2 a3 49. Rf2 Re1 50. Rh2 Ra1 0-1


[Site "https://www.chess.com"]

[Event "Titled Tuesday Blitz August 15 Early 2023"]
[White "Nihal Sarin"]
[Black "Kukhmazov, Arsen"]
[WhiteFideId "25092340"]
[BlackFideId "24108260"]
[WhiteElo "3138"]
[BlackElo "2848"]
[Result "1-0"]
[Round "6"]
[TimeControl "180+1"]
[Date "2023.08.15"]
[WhiteClock "0:00:05"]
[BlackClock "0:00:00"]
[Board "9"]

1. e4 c6 2. d3 d5 3. Nd2 g6 4. Ngf3 Bg7 5. g3 e5 6. Bg2 Ne7 7. O-O O-O 8. Re1 d4 9. Nc4 b5 10. Ncd2 Nd7 11. a4 a5 12. h4 Nb6 13. axb5 cxb5 14. Nf1 h6 15. Bd2 b4 16. c3 dxc3 17. bxc3 Qxd3 18. cxb4 a4 19. Be3 Qb5 20. Bc5 Re8 21. Ne3 Be6 22. Bf1 Qc6 23. Rc1 Qb7 24. Qd6 Nec8 25. Qd2 Na7 26. Nc4 Red8 27. Nd6 Qb8 28. Red1 Nc6 29. Qe3 Nd7 30. Bc4 Nxb4 31. Bxe6 Nxc5 32. Bxf7+ Kh8 33. Qxc5 Ra6 34. Ne8 Nd3 35. Qc7 Qxc7 36. Rxc7 Bf8 37. Bc4 Ra5 38. Rxd3 Rxe8 39. Rdd7 Re7 40. Rxe7 Bxe7 41. Rxe7 a3 42. Rxe5 1-0


[Site "https://www.chess.com"]

[Event "Titled Tuesday Blitz August 15 Early 2023"]
[White "So, Wesley"]
[Black "Lagarde, Maxime"]
[WhiteFideId "5202213"]
[BlackFideId "662399"]
[WhiteElo "3130"]
[BlackElo "2839"]
[Result "0-1"]
[Round "6"]
[TimeControl "180+1"]
[Date "2023.08.15"]
[WhiteClock "0:00:00"]
[BlackClock "0:00:19"]
[Board "10"]

1. b3 Nc6 2. d4 e5 3. dxe5 f6 4. exf6 Qxf6 5. c3 Bc5 6. e3 Nge7 7. Qh5+ Ng6 8. Qxc5 d6 9. Qb5 O-O 10. Nf3 Nge5 11. Be2 Bg4 12. Nbd2 a6 13. Qd5+ Be6 14. Qe4 d5 15. Qa4 b5 16. Qa3 b4 17. cxb4 Nxf3+ 18. Nxf3 Qxa1 19. O-O Qf6 20. Bb2 Qe7 21. Nd4 Nxd4 22. Bxd4 Qg5 23. f4 Qg6 24. Bf3 c6 25. Rc1 Bg4 26. Bxg4 Qxg4 27. h3 Qe6 28. Qa5 Rf7 29. Qb6 Rc8 30. Qxa6 g5 31. fxg5 h6 32. gxh6 Kh7 33. Qd3+ Kxh6 34. b5 cxb5 35. Rxc8 Qxc8 36. Be5 Qf5 37. Bf4+ Kg6 38. Qxb5 d4 39. Qc6+ Kh7 40. Qh6+ Kg8 41. Qd6 d3 42. Qd8+ Rf8 43. Qd6 Rf6 44. Qd8+ Rf8 45. Qa5 Qxa5 0-1


[Site "https://www.chess.com"]

[Event "Titled Tuesday Blitz August 15 Early 2023"]
[White "Nenezic, Marko"]
[Black "Vachier-Lagrave, Maxime"]
[WhiteFideId "912123"]
[BlackFideId "623539"]
[WhiteElo "2837"]
[BlackElo "3128"]
[Result "0-1"]
[Round "6"]
[TimeControl "180+1"]
[Date "2023.08.15"]
[WhiteClock "0:00:00"]
[BlackClock "0:00:04"]
[Board "11"]

1. d4 Nf6 2. c4 g6 3. Nc3 d5 4. cxd5 Nxd5 5. e4 Nxc3 6. bxc3 Bg7 7. Qa4+ Qd7 8. Qa3 b6 9. Nf3 Bb7 10. Bd3 c5 11. Be3 Nc6 12. Rd1 cxd4 13. cxd4 O-O 14. d5 Na5 15. O-O Rac8 16. Bd4 Bxd4 17. Nxd4 Rc5 18. Nb3 Nxb3 19. axb3 Ra5 20. Qb2 Ba6 21. Bxa6 Rxa6 22. Rc1 Ra5 23. b4 Ra4 24. Rc6 a5 25. Rxb6 axb4 26. Rxb4 Rxb4 27. Qxb4 Ra8 28. Rc1 Ra4 29. Qb8+ Kg7 30. f3 Ra2 31. Qe5+ f6 32. Rc7 fxe5 33. Rxd7 Kf6 34. Rc7 Ra6 35. h4 h6 36. Kf2 Kf7 37. h5 g5 38. Kg3 Ke8 39. Kg4 Rf6 40. Rc8+ Kd7 41. Rg8 Rf4+ 42. Kg3 Rh4 43. Rg6 Rxh5 44. Re6 Rh1 45. Rxe5 Kd6 46. Re6+ Kd7 47. Kg4 Rh4+ 48. Kg3 Rh1 49. Ra6 Ke8 50. Kg4 Kf7 51. Kf5 Rh2 52. g3 Rh3 53. Kg4 Rh1 54. f4 gxf4 55. gxf4 h5+ 56. Kf5 h4 57. Ra7 Kf8 58. Ke6 Re1 59. e5 h3 60. Ra3 h2 0-1


[Site "https://www.chess.com"]

[Event "Titled Tuesday Blitz August 15 Early 2023"]
[White "Timofeev, Artyom"]
[Black "Sarana, Alexey"]
[WhiteFideId "4140419"]
[BlackFideId "24133795"]
[WhiteElo "2828"]
[BlackElo "3084"]
[Result "1/2-1/2"]
[Round "6"]
[TimeControl "180+1"]
[Date "2023.08.15"]
[WhiteClock "0:00:13"]
[BlackClock "0:00:11"]
[Board "12"]

1. d4 Nf6 2. c4 e6 3. Nc3 d5 4. cxd5 exd5 5. Bg5 Bb4 6. e3 h6 7. Bxf6 Qxf6 8. Bd3 c6 9. Nf3 O-O 10. O-O Bg4 11. h3 Bxf3 12. Qxf3 Qxf3 13. gxf3 Nd7 14. Ne2 Rfe8 15. Kg2 a5 16. a4 g6 17. f4 f5 18. Ng1 Kf7 19. Nf3 Kf6 20. h4 Rg8 21. Rg1 Nb6 22. Kf1 Rg7 23. Ke2 Rag8 24. Rg2 Bd6 25. b3 Na8 26. Rag1 Nc7 27. h5 gxh5 28. Rxg7 Rxg7 29. Rxg7 Kxg7 30. Bxf5 Kf6 31. Bc8 b6 32. Ne5 c5 33. dxc5 Bxc5 34. Kf3 Ne8 35. Bb7 Ke6 36. Bc8+ Ke7 37. Bf5 Nf6 38. Kg3 Kd6 39. Kh4 Ke7 40. Bg6 Kd6 41. Bxh5 d4 42. Bf3 dxe3 43. fxe3 Ke6 44. Nc4 Kf5 45. Kg3 h5 46. Kh4 Bb4 47. Kh3 Bc5 48. Kh4 Bb4 49. Kh3 Bc5 50. Kh4 1/2-1/2


[Site "https://www.chess.com"]

[Event "Titled Tuesday Blitz August 15 Early 2023"]
[White "Dubov, Daniil"]
[Black "Salinas Herrera, Pablo"]
[WhiteFideId "24126055"]
[BlackFideId "3407128"]
[WhiteElo "3066"]
[BlackElo "2827"]
[Result "1-0"]
[Round "6"]
[TimeControl "180+1"]
[Date "2023.08.15"]
[WhiteClock "0:00:22"]
[BlackClock "0:00:25"]
[Board "13"]

1. d4 d5 2. c4 e6 3. Nf3 Nf6 4. g3 Bd6 5. Bg2 h6 6. O-O O-O 7. b3 b6 8. Bb2 Bb7 9. Nbd2 Nbd7 10. Rc1 c5 11. cxd5 exd5 12. Nh4 Re8 13. Nc4 Bf8 14. Ne3 cxd4 15. Bxd4 Ba3 16. Rc2 Ne5 17. Qa1 Qb8 18. Nhf5 Bf8 19. Rfc1 Ne4 20. Bxe4 dxe4 21. Rc7 f6 22. Bxe5 Rxe5 23. Qd4 Ba6 24. Nxh6+ gxh6 25. Ng4 Bg7 26. Nxe5 fxe5 27. Qa4 Bxe2 28. Qd7 Qf8 29. Rc8 e3 30. fxe3 Ba6 31. Rxf8+ Rxf8 32. Qxa7 Bd3 33. Qxb6 Bf6 34. a4 Bg5 35. a5 Rf6 36. Qd8+ Kg7 37. Qxd3 1-0


[Site "https://www.chess.com"]

[Event "Titled Tuesday Blitz August 15 Early 2023"]
[White "Lazavik, Denis"]
[Black "Putnam, Liam"]
[WhiteFideId "13515110"]
[BlackFideId "30938279"]
[WhiteElo "3047"]
[BlackElo "2819"]
[Result "1-0"]
[Round "6"]
[TimeControl "180+1"]
[Date "2023.08.15"]
[WhiteClock "0:00:26"]
[BlackClock "0:00:15"]
[Board "14"]

1. d4 Nf6 2. c4 e6 3. Nf3 Bb4+ 4. Bd2 a5 5. a3 Be7 6. Nc3 d5 7. Bf4 O-O 8. e3 b6 9. Rc1 Bb7 10. cxd5 exd5 11. Bd3 Nbd7 12. O-O c6 13. h3 Re8 14. Qe2 h6 15. Rfd1 Nf8 16. Bh2 Bd6 17. Bxd6 Qxd6 18. Qc2 Ne6 19. Na4 Nd7 20. Bf5 Rac8 21. Qb3 c5 22. dxc5 Ndxc5 23. Qxb6 Rc6 24. Qb5 Nc7 25. Qxa5 Ra8 26. Nxc5 Rxa5 27. Nxb7 Rxc1 28. Rxc1 Qb6 29. Nxa5 Qxa5 30. b4 Qb6 31. Nd4 g6 32. Bd3 Kg7 33. Rc6 Qa7 34. a4 Qxa4 35. Rxc7 Qxb4 36. Bf1 h5 37. Rd7 Qa5 38. h4 Kf6 39. g3 Qc5 40. Nf3 Qc6 41. Ra7 Kg7 42. Ng5 Qb6 43. Rxf7+ Kg8 44. Rd7 Qc6 45. Bh3 Kf8 46. Be6 Ke8 47. Rxd5 Ke7 48. Rd7+ Kf6 49. Rd4 Ke5 50. Bd5 Qc1+ 51. Kg2 Qc2 52. Be4 Qa2 53. Rd5+ Kf6 54. Rd6+ Ke7 55. Rxg6 Qa4 56. Bf3 Qc2 57. Rg7+ Kf8 58. Rf7+ Kg8 59. Bd5 Qd3 60. e4 Kh8 61. Rh7# 1-0


[Site "https://www.chess.com"]

[Event "Titled Tuesday Blitz August 15 Early 2023"]
[White "Duda, Jan-Krzysztof"]
[Black "Mekhitarian, Krikor Sevag"]
[WhiteFideId "1170546"]
[BlackFideId "2107660"]
[WhiteElo "3036"]
[BlackElo "2803"]
[Result "1-0"]
[Round "6"]
[TimeControl "180+1"]
[Date "2023.08.15"]
[WhiteClock "0:01:01"]
[BlackClock "0:00:00"]
[Board "15"]

1. e4 e6 2. d4 d5 3. Nc3 Nf6 4. e5 Nfd7 5. Nce2 c5 6. c3 Nc6 7. f4 Be7 8. Nf3 O-O 9. Be3 b5 10. a3 a5 11. h4 f6 12. h5 Ba6 13. Ng3 Qb6 14. Qd2 b4 15. f5 bxc3 16. bxc3 fxe5 17. fxe6 e4 18. exd7 exf3 19. dxc5 Qc7 20. Qxd5+ Kh8 21. Ne4 Bxf1 22. Kxf1 Rad8 23. Rd1 Ne5 24. h6 Rxd7 25. hxg7+ Kxg7 26. Nd6 Bxd6 27. cxd6 Qc4+ 28. Qxc4 Nxc4 29. Bh6+ Kf7 30. Bxf8 Ne3+ 31. Kf2 Nxd1+ 32. Rxd1 Kxf8 33. gxf3 Kf7 34. c4 Ke6 35. c5 1-0


[Site "https://www.chess.com"]

[Event "Titled Tuesday Blitz August 15 Early 2023"]
[White "Flores, Diego"]
[Black "Deac, Bogdan-Daniel"]
[WhiteFideId "108049"]
[BlackFideId "1226380"]
[WhiteElo "2802"]
[BlackElo "3016"]
[Result "0-1"]
[Round "6"]
[TimeControl "180+1"]
[Date "2023.08.15"]
[WhiteClock "0:00:00"]
[BlackClock "0:00:03"]
[Board "16"]

1. c4 e6 2. d4 Nf6 3. Nc3 d5 4. cxd5 exd5 5. Bg5 c6 6. e3 Bf5 7. Qf3 Bg6 8. Bxf6 Qxf6 9. Qxf6 gxf6 10. h4 h5 11. Nh3 Bd6 12. Nf4 Nd7 13. f3 a5 14. Kf2 a4 15. Rc1 Nb6 16. Be2 Kd7 17. Rhd1 Ra5 18. Bf1 Bc7 19. g3 Kd8 20. e4 Re8 21. Bd3 dxe4 22. fxe4 Nd7 23. Bc2 Nb6 24. e5 Bxc2 25. Rxc2 fxe5 26. dxe5+ Kc8 27. Nxh5 Raxe5 28. Nf4 Rf5 29. Rd4 a3 30. bxa3 Nd7 31. Ne2 Bb6 32. Kg2 Bxd4 33. Nxd4 Rc5 34. Rxc5 Nxc5 35. h5 Ne4 36. h6 Rh8 37. Nf5 Nf6 38. Kf3 Ng8 39. g4 Nxh6 40. Ne3 Ng8 41. Nc4 Kc7 42. Ne5 Rh7 43. g5 Ne7 44. Kg4 Nd5 45. Nh5 b5 46. Nf6 Nxf6+ 47. gxf6 Kd6 48. Kf5 Rh5+ 0-1


[Site "https://www.chess.com"]

[Event "Titled Tuesday Blitz August 15 Early 2023"]
[White "Paravyan, David"]
[Black "Cherniaiev, Tykhon"]
[WhiteFideId "4194985"]
[BlackFideId "14182360"]
[WhiteElo "3002"]
[BlackElo "2795"]
[Result "1/2-1/2"]
[Round "6"]
[TimeControl "180+1"]
[Date "2023.08.15"]
[WhiteClock "0:00:46"]
[BlackClock "0:00:14"]
[Board "17"]

1. e4 e5 2. Nf3 Nc6 3. Bb5 a6 4. Ba4 Nge7 5. O-O Ng6 6. d4 exd4 7. Nxd4 Be7 8. Nxc6 dxc6 9. Qxd8+ Bxd8 10. Be3 Bf6 11. c3 Ne5 12. Nd2 Nd3 13. Rab1 Be6 14. Bb3 Bxb3 15. axb3 O-O-O 16. f4 Rhe8 17. e5 Be7 18. Nf3 Bc5 19. Bxc5 Nxc5 20. b4 Ne4 21. Rbe1 f5 22. exf6 Nxf6 23. Rxe8 Rxe8 24. Ne5 Nd5 25. g3 g5 26. Nd3 Re3 27. Nc5 b6 28. Nb3 gxf4 29. gxf4 Re2 30. f5 Rxb2 31. Nd4 c5 32. bxc5 bxc5 33. Ne6 Kd7 34. Nxc5+ Ke7 35. Nxa6 Kf6 36. c4 Ne3 37. Rf3 Rg2+ 38. Kh1 Re2 39. h3 Nxc4 40. Nxc7 Re5 41. Rf4 Nd6 42. Rh4 Nxf5 43. Rxh7 Kg6 44. Rd7 Re7 45. Rxe7 Nxe7 46. Kg2 Nf5 47. Kf3 Kg5 48. Nd5 Kh4 49. Kg2 Kg5 50. Kh2 Nh4 51. Ne3 Ng6 52. Kg3 Nf4 53. h4+ Kh5 54. Kxf4 Kxh4 1/2-1/2


[Site "https://www.chess.com"]

[Event "Titled Tuesday Blitz August 15 Early 2023"]
[White "Yanchenko, Roman"]
[Black "Drygalov, Sergey"]
[WhiteFideId "4137329"]
[BlackFideId "24171743"]
[WhiteElo "2780"]
[BlackElo "2998"]
[Result "1-0"]
[Round "6"]
[TimeControl "180+1"]
[Date "2023.08.15"]
[WhiteClock "0:00:22"]
[BlackClock "0:00:03"]
[Board "18"]

1. d4 Nf6 2. Bf4 d5 3. e3 c5 4. Nf3 Nc6 5. a3 Bg4 6. c3 e6 7. Nbd2 Bd6 8. dxc5 Bxc5 9. h3 Bh5 10. Be2 Bd6 11. Bxd6 Qxd6 12. O-O O-O 13. c4 Rad8 14. cxd5 Qxd5 15. Qc2 Ne5 16. Rfd1 Bg6 17. Qa4 Nd3 18. Bxd3 Bxd3 19. Nf1 a6 20. Ng3 Qb5 21. Qxb5 Bxb5 22. Rxd8 Rxd8 23. Rc1 h6 24. Nd4 Bd7 25. f4 Kf8 26. Kf2 Ke7 27. Rc7 Rb8 28. e4 Ne8 29. Rc3 Rc8 30. Rxc8 Bxc8 31. e5 b6 32. Ne4 Bb7 33. Nc3 Nc7 34. h4 h5 35. g3 g6 36. Ke3 Kd7 37. Kd3 Bg2 38. Nc2 Kc8 39. Ne3 Bc6 40. Nc4 Kd7 41. Nxb6+ Ke7 42. Nc8+ Kd7 43. Nd6 f6 44. Kd4 Ke7 45. Nc8+ Kf7 46. Kc5 Bf3 47. Kb6 Ne8 48. Nd6+ Ke7 49. Nxe8 Kxe8 50. Kxa6 fxe5 51. fxe5 Kf7 52. Kb6 g5 53. Nb5 Kg6 54. Nd6 Bd5 55. b4 1-0


[Site "https://www.chess.com"]

[Event "Titled Tuesday Blitz August 15 Early 2023"]
[White "Svane, Rasmus"]
[Black "Materia, Marco"]
[WhiteFideId "4657101"]
[BlackFideId "45150451"]
[WhiteElo "2988"]
[BlackElo "2780"]
[Result "0-1"]
[Round "6"]
[TimeControl "180+1"]
[Date "2023.08.15"]
[WhiteClock "0:00:06"]
[BlackClock "0:00:27"]
[Board "19"]

1. Nf3 d5 2. g3 Nf6 3. Bg2 e6 4. O-O Be7 5. c4 O-O 6. b3 b6 7. d4 c6 8. Bb2 Nbd7 9. Qc2 Bb7 10. Nc3 Ba6 11. e4 dxc4 12. Rfd1 cxb3 13. axb3 Bb7 14. h4 a5 15. e5 Nd5 16. Nxd5 cxd5 17. Bf1 Ba6 18. Bxa6 Rxa6 19. Kg2 Ra8 20. Qd3 h6 21. Bc1 Qc7 22. Bf4 Rfc8 23. Rh1 Nf8 24. Rac1 Qd7 25. h5 b5 26. g4 a4 27. Rxc8 Qxc8 28. g5 hxg5 29. Bxg5 Qd8 30. Bf4 axb3 31. Qxb3 b4 32. Qc2 Qc8 33. Qb1 Nh7 34. Rh3 Kh8 35. Rg3 Qc4 36. Qd1 b3 37. Nd2 Qxd4 38. Qg4 Bf8 39. Nxb3 Qe4+ 40. Qf3 Qxf3+ 41. Rxf3 Ra3 42. Nd4 Rxf3 43. Kxf3 Bc5 44. Nb3 Bb6 45. Nc1 Kg8 46. Nd3 f6 47. Bd2 Kf7 48. Bc3 Ng5+ 49. Ke2 Ne4 50. Be1 Bd4 51. f3 Nc5 52. Nxc5 Bxc5 53. Bg3 fxe5 54. Bxe5 Be7 55. Ke3 Bf6 56. Bg3 e5 57. Kd3 Ke6 58. Be1 Kf5 59. Bb4 Kg5 60. Bd2+ Kxh5 61. Ke2 Kg6 62. Be3 Kf5 63. Kd3 g5 64. Ke2 g4 65. Bf2 gxf3+ 66. Kxf3 e4+ 67. Ke2 d4 68. Bg1 Ke6 69. Bf2 Kd5 70. Be1 Bg5 71. Bg3 d3+ 72. Kf2 e3+ 73. Kf3 Kd4 74. Kg2 d2 75. Bh2 d1=Q 76. Bg3 Qe2+ 77. Kh3 Qh5+ 78. Kg2 Qg4 79. Kh2 Bf4 80. Kg2 Qxg3+ 81. Kf1 Qf2# 0-1


[Site "https://www.chess.com"]

[Event "Titled Tuesday Blitz August 15 Early 2023"]
[White "Le, Tuan Minh"]
[Black "Wagner, Dennis"]
[WhiteFideId "12401153"]
[BlackFideId "24650684"]
[WhiteElo "2988"]
[BlackElo "2775"]
[Result "1-0"]
[Round "6"]
[TimeControl "180+1"]
[Date "2023.08.15"]
[WhiteClock "0:00:14"]
[BlackClock "0:00:07"]
[Board "20"]

1. d4 Nf6 2. Nf3 b6 3. Bg5 Bb7 4. e3 e6 5. Bd3 h6 6. Bh4 d6 7. h3 Nbd7 8. Nbd2 c5 9. c3 Be7 10. Qe2 cxd4 11. cxd4 Rc8 12. Bg3 O-O 13. O-O d5 14. Ba6 Bxa6 15. Qxa6 Rc2 16. Rab1 Qa8 17. Rfc1 Rfc8 18. Rxc2 Rxc2 19. Qa4 Rc8 20. Ne1 a6 21. Nd3 Qc6 22. Qd1 Qc2 23. Nf3 Ne4 24. Bh2 Qxd1+ 25. Rxd1 f6 26. Nfe1 Bd6 27. Bxd6 Nxd6 28. Kf1 Kf7 29. Ke2 g5 30. Rc1 Rxc1 31. Nxc1 h5 32. Ncd3 h4 33. Nb4 Nb8 34. a4 a5 35. Nbd3 Nc6 36. b3 e5 37. dxe5 fxe5 38. f3 Ke6 39. Nc2 Nf5 40. Nf2 Ng3+ 41. Kd2 Kf5 42. e4+ dxe4 43. Ne3+ Ke6 44. Nxe4 Nxe4+ 45. fxe4 Nd4 46. Kc3 Kd6 47. Kc4 Kc6 48. Ng4 Kd6 49. b4 b5+ 50. axb5 a4 51. b6 a3 52. Kc3 Kc6 53. Nxe5+ Kxb6 54. Nc4+ Kc6 55. Kxd4 a2 56. Na5+ Kb5 57. Nb3 Kxb4 58. Na1 Ka3 59. Kc3 g4 60. e5 Ka4 61. e6 gxh3 62. gxh3 Ka3 63. e7 Ka4 64. e8=Q+ Ka3 65. Qa8# 1-0


[Site "https://www.chess.com"]